 Dungeon Crawl Stone Soup version 0.30-a0-1053-gbd8d5ba0ad (webtiles) character file.

Game seed: 7945710107501362262

2989 bobo the Trooper (level 9, -7/75 HPs)
             Began as a Black Draconian Transmuter on Apr 11, 2023.
             Was a Priest of Nemelex Xobeh.
             Mangled by an acid dragon (9 damage)
             ... on level 7 of the Dungeon.
             The game lasted 00:18:19 (5322 turns).

bobo the Trooper (Black Draconian Transmuter)       Turns: 5322, Time: 00:18:20

Health: -7/75      AC: 10    Str: 13    XL:     9   Next: 53%
Magic:  0/16       EV: 13    Int: 18    God:    Nemelex Xobeh [***...]
Gold:   391        SH:  0    Dex: 11    Spells: 10/17 levels left

rFire   . . .      SeeInvis .      - Unarmed
rCold   . . .      Faith    .    (no shield)
rNeg    . . .      Spirit   +    (body armour unavailable)
rPois   .          Reflect  .    (helmet restricted)
rElec   +          Rampage  .    m - +2 cloak {rCorr}
rCorr   +                        (no gloves)
Will    .....                    (no boots)
Stlth   +                        f - amulet of guardian spirit
HPRegen 0.32/turn                (no ring)
MPRegen 0.15/turn                (no ring)

@: lethally poisoned (-7 -> -44), about to teleport, short of breath
A: breathe lightning, AC +7, unfitting armour, electricity resistance,
cold-blooded
a: Breathe Lightning, Renounce Religion, Draw Escape, Draw Destruction, Draw
Summoning, Triple Draw


You were on level 7 of the Dungeon.
You worshipped Nemelex Xobeh.
Nemelex Xobeh was most pleased with you.
You visited 1 branch of the dungeon, and saw 7 of its levels.

You collected 403 gold pieces.
You spent 12 gold pieces at shops.

Inventory:

Armour
 m - a +2 cloak of preservation (worn)
Jewellery
 f - an amulet of guardian spirit (around neck)
 n - an amulet of faith
 t - a ring of positive energy
Wands
 a - a wand of flame (26)
 r - a wand of polymorph (10)
 B - a wand of iceblast (10)
Scrolls
 b - 2 scrolls of vulnerability {unknown}
 c - a scroll of butterflies {unknown}
 e - a scroll of identify
 i - 2 scrolls of torment
 j - a scroll of fear {unknown}
 k - a scroll of magic mapping {unknown}
 l - a scroll of immolation
 o - a scroll of enchant armour
 u - a scroll of amnesia {unknown}
 v - a scroll of poison {unknown}
 w - a scroll of silence {unknown}
 y - a scroll of fog {unknown}
 z - 4 scrolls of teleportation
Potions
 d - 2 potions of curing
 g - 2 potions of cancellation
 h - a potion of ambrosia
 p - 3 potions of heal wounds
 q - 3 potions of brilliance
 A - a potion of mutation {unknown}


   Skills:
 + Level 6.0 Fighting
 + Level 4.8 Dodging
 + Level 5.9 Unarmed Combat
 + Level 4.7 Spellcasting
 + Level 5.3 Transmutations
 + Level 4.4 Ice Magic
 + Level 5.3 Invocations


You had 10 spell levels left.
You knew the following spells:

 Your Spells              Type           Power      Damage    Failure   Level
a - Beastly Appendage     Tmut           46%        N/A       1%          1
d - Ice Form              Ice/Tmut       21%        N/A       19%         4
z - Wereblood             Tmut           23%        N/A       2%          2

Your spell library contained the following spells:

 Spells                   Type           Power      Damage    Failure   Level
 Magic Dart               Conj           16%        1d3       14%         1
 Slow                     Hex            16%        N/A       14%         1
 Spider Form              Tmut/Pois      13%        N/A       14%         3
 Searing Ray              Conj           8%         2d4       21%         2
 Sublimation of Blood     Necr           4%         N/A       21%         2
 Confusing Touch          Hex            4%         N/A       38%         3
 Vampiric Draining        Necr           4%         2d6       38%         3
 Fulminant Prism          Conj/Hex       2%         3d5       80%         4
 Summon Hydra             Summ           2%         N/A       100%        7


Dungeon Overview and Level Annotations

Branches:
Dungeon (7/15)             Temple (0/1) D:5

Altars:
Ashenzari
Fedhas
Nemelex Xobeh
Ru

Shops:
D:7 !


Innate Abilities, Weirdness & Mutations

You can breathe wild blasts of lightning.
Your glossy black scales are hard. (AC +7)
You cannot fit into any form of body armour.
You are resistant to electric shocks. (rElec)
You are cold-blooded and may be slowed by cold attacks.


Message History

The fire burns you terribly!
You draw a card...
You have drawn the Elixir.
You begin rapidly regenerating health and magic.
The red ugly thing closely misses you.
The green ugly thing tentacle-slaps you.
A troll comes into view.
You warm up again.
Your +2 cloak of preservation unmelds from your body.
You howl as the wereblood boils in your veins!
Your primal bloodlust has ended.
The green ugly thing closely misses you.
The red ugly thing stings you.
You are engulfed in flames!
* * * LOW HITPOINT WARNING * * *
Activating: Breathe Lightning (4% risk of failure)
Press: ? - help, Dir - look around, f - activate You breathe a wild blast of lightning!
The bolt of lightning hits the red ugly thing!!
The red ugly thing is moderately wounded.
The bolt of lightning misses the red ugly thing.
The bolt of lightning hits the acid dragon!!
The acid dragon is almost dead.
The green ugly thing tentacle-slaps you but does no damage.
The red ugly thing stings you.
You are engulfed in flames!!
* * * LOW HITPOINT WARNING * * *
A red ugly thing comes into view.
Okay, then.
Unknown command.
You draw a card...
You have drawn Exile.
The red ugly thing is devoured by a tear in reality.
The deck of cards glows slightly and disappears.
The green ugly thing closely misses you.
Your Fighting skill increases to level 6!
As you read the scroll of teleportation, it crumbles to dust.
You feel strangely unstable.
The green ugly thing tentacle-slaps you.
* * * LOW HITPOINT WARNING * * *
You are lethally poisoned!
The green ugly thing poisons you! The acid dragon bites you!
You die...
Your body disappears without a glow.

############### ######
#.............#########....#
#.....)...!..............#.#
#..#####################.#.#
#..##### #### #(## #.#.##
#..##....#..# #... #....#
#..# #....# #T.# #....# #..#
##.###uD# #....# #..#.
#...#@## #....#
#..##.####.####D.# #....#
#..##..).#..# #§.# #....# #
##.##..#.)).# #.$. #....# #
#.### #†#### #.## #....###
#.#
##'###############.......
#.#
#..##..##.#...#.##...####
##.# #.#.#.##...#.#...#.#.#
# ###..#
..##..####.#.#.#.##.#.####


You could see a green ugly thing, a troll and 2 acid dragons.

Vanquished Creatures
  Grinder (D:6)
  2 wyverns
  Menkaure (D:4)
  2 water moccasins
  An ice beast (D:5)
  A black bear (D:6)
  An ogre (D:7)
  A tengu (D:5)
  2 centaurs
  A kobold brigand (D:7)
  4 scorpions
  3 bullfrogs (D:7)
  A killer bee (D:7)
  3 hounds
  2 orc priests
  An iguana (D:4)
  4 orc wizards
  7 adders
  A gnoll (D:7)
  An ufetubus (D:5)
  A worm (D:4)
  A dart slug (D:5)
  16 orcs
  7 endoplasms
  2 giant cockroaches
  7 goblins
  7 hobgoblins
  2 jackals (D:4)
  4 quokkas
  6 ball pythons
  A bat (D:2)
  2 frilled lizards
  6 kobolds
  2 rats
104 creatures vanquished.

Vanquished Creatures (collateral kills)
  Joseph (D:7)
1 creature vanquished.

Vanquished Creatures (others)
  3 fungi (D:4)
  5 plants (D:4)
8 creatures vanquished.

Grand Total: 113 creatures vanquished

Notes
Turn   | Place    | Note
-------+----------+-------------------------------------------
     0 | D:1      | bobo the Draconian Transmuter began the quest for the Orb.
     0 | D:1      | Reached XP level 1. HP: 16/16 MP: 3/3
   540 | D:1      | Reached XP level 2. HP: 23/23 MP: 3/5
   609 | D:1      | Learned a level 2 spell: Wereblood
   616 | D:1      | Found a faded altar of an unknown god.
   631 | D:1      | Prayed at the altar of an unknown god.
   631 | D:1      | Became a worshipper of Nemelex Xobeh the Trickster
   631 | D:1      | Reached * piety under Nemelex Xobeh
   683 | D:1      | Received a gift from Nemelex Xobeh
   943 | D:2      | Reached skill level 2 in Fighting
   989 | D:2      | Reached XP level 3. HP: 13/29 MP: 3/6
  1705 | D:3      | Reached ** piety under Nemelex Xobeh
  1857 | D:3      | Reached skill level 1 in Invocations
  2136 | D:3      | Reached XP level 4. HP: 37/37 MP: 5/7
  2332 | D:4      | Noticed a scorpion
  2333 | D:4      | Killed a scorpion
  2334 | D:4      | Reached skill level 3 in Fighting
  2334 | D:4      | Reached XP level 5. HP: 45/45 MP: 8/8
  2357 | D:4      | Learned a level 4 spell: Ice Form
  2432 | D:4      | Received a gift from Nemelex Xobeh
  2481 | D:4      | Noticed Menkaure
  2486 | D:4      | Killed Menkaure
  2487 | D:4      | Reached skill level 1 in Ice Magic
  2487 | D:4      | Reached XP level 6. HP: 52/52 MP: 9/9
  2755 | D:4      | Found a blossoming altar of Fedhas.
  3013 | D:5      | Entered Level 5 of the Dungeon
  3050 | D:5      | Noticed a wyvern
  3061 | D:5      | Killed a wyvern
  3138 | D:5      | Found a staircase to the Ecumenical Temple.
  3165 | D:5      | Found a broken altar of Ashenzari.
  3167 | D:5      | Found a sacrificial altar of Ru.
  3306 | D:5      | Noticed an ice beast
  3308 | D:5      | an ice beast changed into a tengu
  3319 | D:5      | Reached skill level 4 in Fighting
  3319 | D:5      | Your scales start taking on a glossy black colour.
  3319 | D:5      | Reached XP level 7. HP: 56/59 MP: 9/11
  3319 | D:5      | Gained mutation: You are resistant to electric shocks.
                  | (rElec) [Black Draconian growth]
  3463 | D:5      | Reached *** piety under Nemelex Xobeh
  4236 | D:6      | Reached XP level 8. HP: 55/67 MP: 8/13
  4336 | D:6      | Received a gift from Nemelex Xobeh
  4420 | D:6      | Noticed Grinder
  4427 | D:6      | Paralysed by Grinder for 3 turns
  4432 | D:6      | Killed Grinder
  4617 | D:7      | Reached skill level 5 in Fighting
  4617 | D:7      | Reached skill level 5 in Unarmed Combat
  4963 | D:7      | Found Aveucs's Distillery.
  4966 | D:7      | Bought a potion of degeneration for 12 gold pieces
  4990 | D:7      | Noticed Joseph
  5007 | D:7      | Killed Joseph
  5163 | D:7      | Received a gift from Nemelex Xobeh
  5196 | D:7      | Reached XP level 9. HP: 74/74 MP: 15/15
  5288 | D:7      | Reached skill level 5 in Transmutations
  5304 | D:7      | Reached skill level 5 in Invocations
  5315 | D:7      | Noticed a red ugly thing
  5315 | D:7      | Noticed a green ugly thing
  5318 | D:7      | Noticed a troll
  5320 | D:7      | HP: 3/75 [red ugly thing (18)]
  5320 | D:7      | Noticed a red ugly thing
  5321 | D:7      | Banished a red ugly thing
  5322 | D:7      | Reached skill level 6 in Fighting
  5322 | D:7      | Mangled by an acid dragon

Illustrated notes

Levels and vault maps discovered:
D:1:      dpeg_arrival_court, layout_basic, shapermc_ecumenical_altar_pompeii
D:2:      layout_loops_ring
D:3:      layout_loops_cross, serial_glass, glass_columns_a, glass_columns_a,
          glass_columns_b, glass_columns_a, glass_columns_b, glass_columns_a,
          glass_columns_a, glass_columns_a, minmay_strange_pillars,
          due_unseen_surprise, minmay_strange_pillars, item_on_display_a
D:4:      layout_basic, fedhas_altar_3, uniq_menkaure
D:5:      layout_loops_ring, grunt_temple_overflow_open,
          minmay_temple_entry_mini_moons, minmay_manual_mess
D:6:      layout_loops_ring, uniq_grinder
D:7:      layout_rooms, serial_shops, nicolae_shop_behind_doors,
          minmay_the_grid_2x2 [minmay_the_grid_diamond_grid,
          minmay_the_grid_all_tris, minmay_the_grid_embedded,
          minmay_the_grid_prize_four_corners_diamond_a], uniq_joseph

Skill      XL: |  1  2  3  4  5  6  7  8  9 |
---------------+----------------------------+-----
Dodging        | 2 3 4 |  4.8
Fighting       | 2 3 4 5 6 |  6.0
Invocations    | 1 2 3 4 5 |  5.3
Transmutations | 3 4 5 |  5.3
Ice Magic      | 1 2 3 4 |  4.4
Unarmed Combat | 4 5 |  5.9
Spellcasting   | 3 4 |  4.7

Action                     |  1- 3 |  4- 6 |  7- 9 || total
---------------------------+-------+-------+-------++-------
  Melee: Unarmed           |    83 |    73 |   133 ||   289
         Kick              |    22 |    15 |    21 ||    58
         Tailslap          |     5 |     7 |    11 ||    23
         Headbutt          |     9 |    14 |     5 ||    28
         Punch             |     1 |     2 |     2 ||     5
   Cast: Beastly Appendage |    31 |    17 |    10 ||    58
         Wereblood         |       |     1 |     5 ||     6
         Ice Form          |       |       |     3 ||     3
 Invoke: Draw Destruction  |     5 |     5 |     5 ||    15
         Draw Summoning    |       |     1 |     3 ||     4
         Draw Escape       |       |       |     4 ||     4
Ability: Breathe Lightning |       |       |     8 ||     8
         End Transformatio |       |       |     2 ||     2
    Use: Scroll            |       |     3 |     8 ||    11
         Potion            |       |       |     6 ||     6
   Stab: Sleeping          |     1 |     1 |     1 ||     3
 Armour: Skin              |    26 |    23 |    99 ||   148
  Dodge: Dodged            |    45 |    50 |    81 ||   176

Table legend: (Time is in decaauts)
 A = Elapsed time spent in this place.
 B = Non-inter-level travel time spent in this place.
 C = Inter-level travel time spent in this place.
 D = Time resting spent in this place.
 E = Time spent auto-exploring this place.
 F = Levels seen in this place.
 G = Mean time per level.
                   A        B        C        D        E       F      G
               +--------+--------+--------+--------+--------+-----+--------+
         Total |   5304 |   5164 |    140 |    548 |   3686 |   7 |  757.7 |
       Dungeon |   5304 |   5164 |    140 |    548 |   3686 |   7 |  757.7 |
               +--------+--------+--------+--------+--------+-----+--------+

Top non-repeatable levels by time:
     D:2: 882 daAuts
     D:6: 840 daAuts
     D:7: 758 daAuts
     D:3: 743 daAuts
     D:1: 700 daAuts
     D:5: 695 daAuts
     D:4: 684 daAuts
